Map: Orbital Shipyard

Players

Jason - Winner!

  • Race: Terran Terran
  • League: Grandmaster

Nistic

  • Race: Zerg Zerg
  • League: Grandmaster

VOD

Have the link to the VOD?

Description

Time

  • Played on: Jan. 15, 2016, 1:25 p.m.
  • Length: 11:05
Show
View Real Time Build Order
Export as new Build Order

Jason Terran - Winner!

Build Orders: Liberator Opening, Reaper Expand, MMM Bio 

Get SALT Encoding   

  12  0:01  SCV  
  13  0:13  SCV  
  14  0:17  Supply Depot  
  14  0:25  SCV  
  15  0:39  SCV  
  15  0:41  Barracks  
  16  0:46  Refinery  
  16  0:51  SCV  
  17  1:03  SCV  
  18  1:15  SCV  
  19  1:29  Orbital Command  
  19  1:30  Reaper  
  20  1:45  Command Center  
  20  1:57  Supply Depot, SCV  
  21  2:03  Barracks Reactor  
  21  2:10  SCV  
  22  2:22  SCV  
  23  2:29  Factory  
  23  2:34  SCV  
  24  2:40  Marine x2  
  26  2:47  SCV  
  27  2:53  Command Center  
  27  2:58  Marine x2  
  29  3:00  SCV  
  29  3:02  Orbital Command  
  30  3:11  Refinery  
  30  3:13  Widow Mine  
  30  3:16  Marine  
  30  3:17  Marine  
  30  3:18  SCV  
  35  3:26  Starport  
  35  3:30  SCV  
  35  3:31  SCV  
  37  3:36  Marine  
  37  3:37  Marine  
  39  3:42  Factory Tech Lab, SCV  
  39  3:43  SCV  
  39  3:47  Liberator  
  41  3:54  SCV  
  42  3:55  SCV  
  44  4:07  Barracks, Orbital Command  
  46  4:10  SCV  
  46  4:12  SCV, Barracks  
  46  4:14  Factory Reactor  
  48  4:19  Marine  
  48  4:22  SCV  
  50  4:26  Stimpack  
  50  4:28  SCV  
  51  4:32  SCV  
  51  4:34  SCV  
  51  4:35  Liberator  
  53  4:39  Marine  
  53  4:40  SCV  
  53  4:44  SCV  
  56  4:46  SCV, Refinery x2  
  56  4:52  SCV  
  60  4:56  SCV  
  61  5:06  Orbital Command  
  61  5:07  Engineering Bay x2  
  61  5:13  Supply Depot  
  61  5:14  Supply Depot  
  61  5:15  Factory Reactor  
  61  5:28  Barracks  
  61  5:30  Barracks  
  61  5:34  Marine x5  
  61  5:35  SCV x3  
  69  5:47  SCV x3  
  72  5:52  Marine  
  72  5:55  Supply Depot  
  70  5:58  Marine  
  70  5:59  SCV x2, Supply Depot, Marine  
  70  6:00  Medivac  
  70  6:03  SCV  
  77  6:04  Terran Infantry Weapons Level 1, Terran Infantry Armor Level 1  
  77  6:06  Supply Depot  
  77  6:07  Supply Depot  
  77  6:16  SCV x3, Medivac, Marine  
  77  6:17  Marine  
  77  6:18  Barracks Tech Lab x2, Marine  
  85  6:22  Factory Reactor  
  85  6:25  Missile Turret  
  82  6:26  Missile Turret  
  82  6:27  Missile Turret x2  
  82  6:28  SCV, Missile Turret  
  82  6:29  SCV, Missile Turret  
  82  6:30  SCV  
  82  6:31  Missile Turret  
  85  6:33  Marine x2  
  85  6:36  Combat Shields  
  85  6:39  Missile Turret  
  87  6:41  SCV x2, Marine x2  
  87  6:43  SCV, Marine  
  93  6:50  Marine x2  
  93  6:51  Supply Depot  
  93  6:52  Supply Depot  
  95  6:55  Medivac  
  95  6:57  Medivac  
  95  6:58  SCV  
  95  7:00  Widow Mine  
  102  7:02  Refinery, Widow Mine  
  102  7:06  Marine  
  102  7:07  Marine x2  
  102  7:08  Refinery  
  107  7:12  Starport  
  107  7:16  Starport  
  107  7:24  Marine  
  107  7:25  Marauder  
  110  7:30  Marine  
  110  7:31  Marine x2  
  110  7:32  Widow Mine x2, Medivac x2  
  121  7:40  Armory  
  121  7:41  Supply Depot, Marine x2  
  121  7:42  Marine  
  121  7:43  Supply Depot  
  124  7:46  Marine, Liberator  
  124  7:47  Liberator  
  125  7:52  Liberator  
  125  7:54  Supply Depot  
  125  7:55  Supply Depot  
  125  7:59  Liberator  
  125  8:03  Marine x5  
  142  8:22  Supply Depot x2  
  142  8:26  Marine  
  143  8:29  Marine, Liberator  
  128  8:42  Marine, Liberator  
  128  8:43  Marine x3  
  128  8:44  Marauder, Widow Mine x2, Marine  
  128  8:45  Terran Infantry Weapons Level 2  
  128  8:47  Marine  
  138  8:56  Liberator  
  138  9:00  Marine, Liberator  
  138  9:01  Marauder x2, Marine  
  144  9:11  Liberator  
  144  9:15  Marauder, Marine x2  
  144  9:16  Widow Mine x2  
  149  9:18  Marine  
  149  9:19  Marine  
  149  9:22  Marine  
  149  9:23  Marauder  
  157  9:24  Liberator  
  160  9:32  Marine  
  160  9:33  Marine  
  160  9:36  Marine x3  
  165  9:43  Marine  
  165  9:44  Widow Mine, Marine  
  172  9:47  Liberator x2  
  172  9:54  Liberator  
  172  9:58  Supply Depot  
  172  9:59  Supply Depot x2  
  172  10:00  Supply Depot  
  163  10:17  Marine x2  
  163  10:18  Marauder x2  
  169  10:22  Widow Mine x2  
  169  10:24  Supply Depot  
  169  10:25  Supply Depot  
  172  10:37  Marine  
  172  10:38  Marauder  
Show
View Real Time Build Order
Export as new Build Order

Nistic Zerg 

Build Orders: Hatch First, Muta Ling Bane 

Get SALT Encoding   

  12  0:01  Drone  
  13  0:08  Drone  
  14  0:17  Overlord  
  14  0:23  Extractor  
  14  0:24  Drone  
  15  0:36  Drone x2  
  17  0:52  Hatchery  
  17  0:56  Drone  
  17  1:08  Spawning Pool  
  16  1:11  Drone  
  16  1:14  Drone  
  18  1:18  Drone  
  19  1:25  Extractor  
  19  1:31  Drone  
  19  1:38  Drone  
  20  1:49  Drone  
  21  1:56  Queen  
  21  1:57  Extractor  
  21  1:59  Overlord  
  23  2:04  Queen  
  23  2:05  Zergling x2  
  26  2:10  Drone  
  26  2:15  Drone  
  28  2:21  Drone  
  29  2:25  Metabolic Boost  
  29  2:27  Drone  
  30  2:32  Drone, Queen  
  33  2:39  Overlord  
  33  2:43  Queen  
  35  2:48  Overlord  
  35  2:49  Drone  
  36  2:58  Drone x2  
  37  3:03  Drone  
  39  3:12  Lair  
  39  3:13  Drone x4  
  39  3:14  Drone  
  39  3:15  Drone  
  45  3:21  Drone x2  
  45  3:23  Drone, Extractor  
  45  3:24  Extractor  
  46  3:37  Hatchery  
  46  3:39  Drone x2  
  47  3:43  Drone x3  
  47  3:47  Drone x2  
  52  3:51  Overlord  
  52  3:55  Overlord  
  52  3:57  Extractor  
  51  4:06  Spore Crawler, Queen  
  52  4:15  Drone x3, Spire  
  54  4:17  Drone  
  55  4:37  Zergling x12  
  61  4:43  Baneling Nest  
  60  4:46  Overlord  
  60  4:47  Drone x4  
  64  5:11  Spine Crawler x2  
  64  5:12  Zergling x2  
  64  5:13  Zergling x16  
  71  5:19  Drone  
  72  5:24  Overlord x2  
  70  5:37  Drone  
  71  5:50  Mutalisk x4  
  71  5:51  Mutalisk x6  
  91  5:59  Drone  
  91  6:00  Drone x5  
  91  6:01  Extractor  
  96  6:04  Drone  
  96  6:08  Centrifical Hooks, Extractor  
  95  6:18  Drone  
  95  6:19  Drone x2  
  97  6:35  Drone, Overlord  
  97  6:36  Overlord x4  
  97  6:37  Baneling  
  97  6:38  Baneling x2  
  98  6:41  Hatchery  
  98  6:44  Drone  
  98  7:03  Drone x12  
  110  7:14  Baneling x5  
  110  7:15  Baneling x15  
  110  7:21  Zergling x10  
  110  7:22  Zergling x2  
  116  7:25  Overseer  
  116  7:37  Mutalisk x5  
  116  7:38  Mutalisk  
  116  7:40  Pneumatized Carapace  
  128  7:44  Drone  
  128  7:46  Evolution Chamber  
  128  7:49  Evolution Chamber  
  128  7:50  Mutalisk x2  
  131  7:52  Overlord  
  131  7:54  Drone x3  
  134  7:59  Drone x2  
  134  8:03  Drone  
  134  8:04  Drone x2  
  139  8:07  Overlord x3  
  139  8:08  Drone  
  140  8:16  Zerg Ground Armor Level 1, Zerg Melee Weapons Level 1  
  140  8:19  Infestation Pit  
  138  8:35  Overseer  
  132  8:45  Drone x5  
  132  8:47  Extractor  
  133  8:48  Extractor  
  133  8:50  Zergling x24  
  133  8:51  Zergling x16  
  133  8:52  Baneling  
  133  8:53  Baneling x8  
  150  9:06  Zergling x12  
  150  9:07  Zergling x2  
  157  9:17  Baneling x6  
  151  9:18  Hive  
  151  9:19  Zergling x8  
  151  9:20  Zergling x12  
  160  9:34  Baneling x4  
  160  9:37  Drone x4, Queen  
  166  9:39  Drone x2  
  166  9:40  Drone x3  
  166  9:41  Spore Crawler x2, Baneling x8  
  166  9:43  Zergling x2  
  166  9:44  Zergling x2  
  166  9:45  Baneling x2  
  171  9:52  Mutalisk x2  
  173  9:53  Overlord  
  173  9:54  Overlord x3  
  173  9:57  Pathogen Glands  
  153  10:12  Corruptor x4  
  153  10:13  Corruptor x3  
  166  10:49  Hatchery  
Tags
 
Add a new tag
Caveats
  • Supply blocks, unpowered buildings, or Contaminate may cause inaccurate times.
  • Supply counts are checked every 10 seconds.